AoeStats
← [MGG] Galo

African Clearing

506344634Analyzed
4v4 RM · 18d ago on Sep 13, 2026· 93m 0s· 8 players
Game mode
Random Map
Map size
Large (8 player)
Population
200
Speed
Normal
Resources
Standard
Victory
Conquest
Starting age
Dark Age
Ending age
Imperial Age
RankedLock teamsTeams togetherTeam positionsShared explorationLock speedFull tech treeHidden civsTurbo modeCheats
Victory
Defeat
🇺🇸 Mongols · United States
1681
+8
🇮🇳 Burgundians · India
1649
+9
🇲🇽 Mapuche · Mexico
1555
+12
🇦🇷 Koreans · Argentina
1528
+13
🇹🇼 Spanish · Taiwan
1682
-18
🇹🇼 Japanese · Taiwan
1442
-9
🇬🇧 Berbers · United Kingdom
1391
-8
🇦🇺 Japanese · Australia
1377
-7
sgt peppers s
9:44 Loom
15:01 Feudal Age
21:00 Castle Age
19:17 Double-Bit Axe
20:45 Fletching
22:04 Bodkin Arrow
27:02 Padded Archer Armor
28:05 Leather Archer Armor
30:51 Wheelbarrow
35:27 Hand Cart
36:28 Ballistics
37:46 Malon
42:22 Imperial Age
39:41 Horse Collar
43:35 Ring Archer Armor
43:31 Conscription
43:17 Butalmapu
43:26 Butalmapu
43:03 Elite Bolas Rider
48:26 Bow Saw
48:08 Gold Mining
48:20 Heavy Plow
51:49 Crop Rotation
51:55 Gold Shaft Mining
57:44 Chemistry
58:07 Siege Engineers
61:23 Caravan
65:17 Forging
67:27 Iron Casting
69:50 Blast Furnace
68:25 Elite Kona
73:03 Pikeman
73:29 Arson
74:05 Elite Skirmisher
Lastmantillidie
8:24 Loom
14:21 Feudal Age
15:08 Double-Bit Axe
15:18 Gold Mining
18:05 Castle Age
15:58 Stone Mining
17:25 Fletching
19:38 Bow Saw
23:00 Padded Archer Armor
22:55 Bodkin Arrow
23:33 Town Watch
25:12 Padded Archer Armor
28:32 Horse Collar
29:37 Ballistics
32:04 Leather Archer Armor
33:09 Wheelbarrow
36:37 Imperial Age
35:18 Masonry
37:29 Stone Shaft Mining
37:03 Scale Barding Armor
37:26 Bloodlines
37:36 Bracer
42:29 Heavy Plow
47:45 Hand Cart
53:07 Chain Barding Armor
53:57 Gold Shaft Mining
53:20 Elite Mangudai
54:22 Conscription
55:15 Capped Ram
56:23 Drill
56:08 Siege Ram
58:27 Husbandry
58:46 Thumb Ring
61:06 Chemistry
60:12 Siege Engineers
60:14 Light Cavalry
60:40 Heavy Scorpion
61:36 Caravan
63:34 Parthian Tactics
74:03 Onager
76:01 Siege Onager
82:22 Nomads
82:58 Hoardings
[MGG] Galo
11:19 Loom
13:47 Feudal Age
18:24 Castle Age
17:46 Double-Bit Axe
20:26 Bow Saw
24:56 Fletching
30:14 Ballistics
30:12 Bodkin Arrow
30:18 Gold Mining
33:26 Horse Collar
35:59 Scale Mail Armor
36:09 Forging
38:28 Iron Casting
38:08 Chain Mail Armor
44:43 Imperial Age
42:50 Wheelbarrow
46:03 Plate Mail Armor
45:03 Elite War Wagon
46:09 Bracer
47:18 Chemistry
46:47 Husbandry
47:58 Conscription
55:43 Hand Cart
55:36 Scale Barding Armor
59:30 Pikeman
60:59 Halberdier
62:33 Light Cavalry
68:28 Chain Barding Armor
70:28 Elite Skirmisher
73:18 Thumb Ring
73:12 Elite Skirmisher
77:08 Heavy Plow
Dark_Shelly
4:32 Loom
8:58 Double-Bit Axe
14:11 Horse Collar
18:33 Feudal Age
22:45 Castle Age
22:05 Bow Saw
24:37 Wheelbarrow
26:06 Fletching
27:45 Two-Man Saw
38:42 Hand Cart
38:30 Heavy Plow
38:21 Stone Mining
38:21 Gold Mining
40:52 Stone Shaft Mining
40:53 Gold Shaft Mining
40:49 Crop Rotation
44:03 Imperial Age
42:01 Scale Barding Armor
42:07 Forging
42:32 Burgundian Vineyards
42:25 Light Cavalry
43:06 Husbandry
43:46 Guilds
44:31 Chain Barding Armor
44:47 Iron Casting
44:07 Elite Coustillier
44:52 Padded Archer Armor
45:35 Conscription
44:38 Capped Ram
46:20 Plate Barding Armor
49:40 Blast Furnace
50:47 Cavalier
50:47 Hussar
52:04 Paladin
57:11 Coinage
56:42 Caravan
58:42 Masonry
58:29 Murder Holes
59:35 Chemistry
58:16 Treadmill Crane
59:13 Hoardings
59:54 Banking
60:20 Bodkin Arrow
70:03 Bracer
71:08 Ballistics
71:19 Architecture
Wuyen
5:28 Loom
6:26 Loom
13:54 Feudal Age
15:17 Loom
18:00 Castle Age
16:13 Double-Bit Axe
17:01 Fishing Lines
19:03 Bow Saw
23:37 Padded Archer Armor
24:42 Town Watch
26:10 Leather Archer Armor
29:38 Wheelbarrow
30:04 Husbandry
30:56 Bloodlines
32:55 Gillnets
58:18 Redemption
60:22 Hand Cart
63:10 Horse Collar
65:33 Thumb Ring
66:56 Fletching
67:50 Bodkin Arrow
69:31 Scale Barding Armor
69:37 Forging
69:26 Light Cavalry
73:35 Imperial Age
73:45 Imperial Age
72:21 Chain Barding Armor
76:43 Imperial Age
76:41 Ballistics
77:27 Bracer
78:37 Chemistry
77:14 Elite Genitour
79:30 Two-Man Saw
78:31 Heavy Plow
79:58 Ring Archer Armor
80:05 Plate Barding Armor
80:43 Gold Mining
82:14 Hussar
83:34 Iron Casting
85:19 Blast Furnace
88:30 Guilds
88:20 Caravan
darkwwww2015
13:33 Feudal Age
12:54 Loom
19:38 Castle Age
18:07 Double-Bit Axe
21:01 Wheelbarrow
20:19 Town Watch
25:25 Fletching
27:21 Bodkin Arrow
28:33 Padded Archer Armor
32:31 Stone Mining
37:28 Horse Collar
38:04 Bow Saw
40:08 Ballistics
44:25 Imperial Age
42:33 Gold Mining
43:56 Gold Shaft Mining
45:13 Leather Archer Armor
44:46 Elite Camel Archer
46:05 Bracer
47:17 Chemistry
46:49 Hand Cart
47:55 Ring Archer Armor
48:34 Conscription
51:39 Masonry
59:47 Elite Skirmisher
60:42 Thumb Ring
65:54 Pikeman
67:08 Squires
67:12 Scale Mail Armor
67:22 Forging
69:32 Chain Mail Armor
69:53 Iron Casting
72:04 Chain Mail Armor
72:24 Iron Casting
73:51 Plate Mail Armor
77:38 Blast Furnace
探吉教~Iron man
6:26 Loom
14:49 Feudal Age
19:41 Castle Age
19:39 Double-Bit Axe
21:18 Wheelbarrow
21:25 Bloodlines
23:04 Fletching
23:55 Bow Saw
24:12 Bodkin Arrow
25:09 Padded Archer Armor
28:37 Ballistics
28:09 Gold Mining
28:30 Stone Mining
30:21 Fishing Lines
30:53 Husbandry
35:47 Hand Cart
36:19 Thumb Ring
40:22 Imperial Age
38:38 Leather Archer Armor
41:14 Bracer
42:19 Chemistry
42:33 Parthian Tactics
41:29 Elite Genitour
42:35 Conscription
42:47 Ring Archer Armor
43:43 Gold Shaft Mining
43:23 Town Watch
44:44 Coinage
43:42 Heavy Cavalry Archer
48:38 Banking
49:18 Scale Mail Armor
49:29 Forging
52:13 Chain Mail Armor
52:33 Iron Casting
51:32 Pikeman
52:12 Squires
51:57 Gambesons
51:35 Man-at-Arms
52:01 Arson
53:12 Yasama
53:08 Guard Tower
53:05 Arrowslits
54:38 Pikeman
55:50 Plate Mail Armor
56:20 Blast Furnace
55:40 Halberdier
56:57 Keep
62:03 Caravan
61:54 Long Swordsman
63:45 Treadmill Crane
64:01 Murder Holes
63:29 Two-Handed Swordsman
67:37 Champion
84:20 Two-Man Saw
87:39 Kataparuto
87:26 Scale Barding Armor
88:23 Onager
92:55 Siege Engineers
Matt Cash
10:47 Loom
15:00 Feudal Age
19:22 Castle Age
17:16 Fishing Lines
17:41 Double-Bit Axe
18:06 Fletching
19:52 Wheelbarrow
20:30 Bow Saw
20:48 Bodkin Arrow
32:40 Imperial Age
31:58 Town Watch
32:22 Padded Archer Armor
33:34 Ballistics
33:41 Bracer
33:57 Leather Archer Armor
34:53 Chemistry
33:36 Treadmill Crane
34:21 Masonry
34:51 Parthian Tactics
33:47 Heavy Cavalry Archer
35:31 Conscription
35:25 Stone Mining
35:26 Gold Mining
36:31 Bloodlines
36:21 Husbandry
37:16 Thumb Ring
38:42 Two-Man Saw
38:27 Yasama
39:38 Elite Genitour
41:24 Guard Tower
41:19 Arrowslits
43:26 Keep
43:25 Ring Archer Armor
43:50 Kataparuto
55:45 Pikeman
56:26 Squires
56:12 Arson
56:39 Forging
56:30 Scale Mail Armor
57:55 Halberdier
60:24 Iron Casting
60:04 Chain Mail Armor
70:38 Caravan
74:22 Hand Cart
90:44 Plate Mail Armor
91:36 Blast Furnace
90:56 Scale Barding Armor
Connection lost

Rejoining the realm…

Still unreachable

The connection could not be restored.

Session expired

The server has moved on; the page needs a fresh start.